 Dungeon Crawl Stone Soup version 0.17-a0-2208-ge5ab1d3 (webtiles) character file.

10580 4thArraOfDagon the Cruncher (level 11, -6/84 HPs)
             Began as a Centaur Berserker on Oct 26, 2015.
             Was a Priest of Trog.
             Killed from afar by a fire drake (7 damage)
             ... with a blast of flame
             ... on level 8 of the Lair of Beasts.
             The game lasted 00:16:53 (2668 turns).

4thArraOfDagon the Cruncher (Centaur Berserker)     Turns: 2668, Time: 00:16:53

Health: -6/84      AC: 14    Str: 22    XL:     11   Next: 38%
Magic:  11/11      EV:  6    Int:  7    God:    Trog [***...]
Gold:   189        SH:  0    Dex: 12    Spells: 0 memorised, 10 levels left

rFire  + + .     SeeInvis .     k - +2 quarterstaff of Ynybuh {speed, rPois Dex+3}
rCold  + . .     Clarity  .     j - +2 chain mail {rF+}
rNeg   . . .     SustAt   .     (no shield)
rPois  +         Gourm    .     (no helmet)
rElec  +         Spirit   .     l - +0 cloak
rCorr  +         Warding  .     v - +0 pair of gloves
rMut   .         Stasis   .     (no barding)
MR     ++...                    (no amulet)
Stlth  ..........               (no ring)
                                (no ring)

@: lethally poisoned (-6 -> -6), exhausted, resistant, regenerating, very quick,
very resistant to hostile enchantments, extremely unstealthy
A: hooves 3, deformed body, speed 2, tough skin 3
a: Berserk, Trog's Hand, Burn Spellbooks, Renounce Religion


You were on level 8 of the Lair of Beasts.
You worshipped Trog.
Trog was most pleased with you.
You were not hungry.

You visited 2 branches of the dungeon, and saw 17 of its levels.
You also visited: Ossuary and Volcano.

You collected 189 gold pieces.

Inventory:

Hand Weapons
 a - a +0 hand axe
 k - the +2 quarterstaff of Ynybuh (weapon) {speed, rPois Dex+3}
   (You found it on level 4 of the Dungeon)

   Attacks with this weapon are significantly faster.
   It affects your dexterity (+3).
   It protects you from poison.
Armour
 j - a +2 chain mail of fire resistance (worn)
 l - a +0 cloak (worn)
 s - a +0 pair of gloves
 u - a +0 plate armour
 v - a +0 pair of gloves (worn)
Wands
 b - a wand of fire (1)
 t - a wand of slowing (23)
 y - a wand of slowing (20)
Scrolls
 d - 2 scrolls of noise {unknown}
 e - 2 scrolls of fog {unknown}
 h - a scroll of enchant weapon
 i - a scroll of enchant armour {unknown}
 m - a scroll of magic mapping
 n - 3 scrolls of identify
 p - a scroll of immolation
 r - 2 scrolls of teleportation {unknown}
 x - a scroll of random uselessness {unknown}
 B - a scroll of remove curse {unknown}
Potions
 f - a potion of flight
 g - a potion of berserk rage {unknown}
 o - a potion of lignification {unknown}
 w - a potion of resistance
 z - a potion of magic {unknown}
 D - a potion of degeneration {unknown}
Books
 C - a book of Ice

   Spells                             Type                      Level
   a - Ice Form                       Ice/Transmutation            4
   b - Metabolic Englaciation         Hexes/Ice                    5
   c - Ozocubu's Refrigeration        Ice                          6
   d - Bolt of Cold                   Conjuration/Ice              6
   e - Freezing Cloud                 Conjuration/Ice/Air          6
   f - Simulacrum                     Ice/Necromancy               6
   Trog disapproves of the use of such an item.
Miscellaneous
 A - a stone of tremors (inert)
Comestibles
 q - 8 chunks of flesh


   Skills:
 - Level 4.3 Fighting
 - Level 3.5 Axes
 * Level 12.7 Staves
 + Level 8.0 Armour
 - Level 1.3 Dodging


You had 10 spell levels left.
You didn't know any spells.

Dungeon Overview and Level Annotations

Branches:
Dungeon (9/15)               Lair (8/8) D:8
 Temple: D:4-7        Swamp: Lair:3-6    Shoals: Lair:3-6     Snake: Lair:3-6
 Spider: Lair:3-6     Slime: Lair:6-8       Orc: D:9-12

Altars:
Ru
Trog
The Shining One

Annotations:
Lair:2 Nergalle
Lair:3 KRAKYY


Innate Abilities, Weirdness & Mutations

You have hooves in place of feet.
Armour fits poorly on your strangely shaped body.
You cover ground very quickly.
You have extremely tough skin (AC +3).


Message History

Drink which item? (? for menu, Esc to quit)
It was a potion of resistance.
You feel protected.
You are engulfed in roaring flames.
You resist.
* * * LOW HITPOINT WARNING * * *
You feel sick.
The plant is engulfed in roaring flames. x2
The blink frog blinks!
The spiny frog is engulfed in roaring flames.
The blink frog hits your earth elemental!
The blink frog blinks!
The spiny frog is engulfed in roaring flames.
You kill the spiny frog!
Trog accepts your kill.
The blink frog is engulfed in roaring flames.
The giant leech is engulfed in roaring flames.
The fire drake is engulfed in roaring flames.
The fire drake breathes flames at you. The blast of flame hits you! You resist.
You die...

**,,,,,,,,,,,,,,,,,
*,*.......,,,,,,,,,
**,.......,,,,,,,,,
*.........,,,,,,,≈
*..........,,,,,≈,
*#..........,,,,≈,
#FF.........,≈≈≈≈
##§§FF........≈,,≈
##@kF§F.........≈,≈
#..P§F§§F.w......≈,≈≈
##§EFwF§.........P,≈≈
#..§§§§§§.F%......≈≈≈
##.P§§†§Fh......PP≈≈≈
###PPt§F.hF......≈≈≈
#.P..........≈.≈≈≈,
#P.P..%.<......≈≈≈≈
##P............P≈≈,


You could see 2 giant leeches, 5 spiny frogs, 6 blink frogs, a fire drake, a
crocodile, 2 wolves, 3 giant frogs and a friendly earth elemental.

Vanquished Creatures
  A manticore (Volcano)
  A griffon (Lair:4)
  7 spiny frogs
  A komodo dragon (D:8)
  A fire drake (Volcano)
  3 blink frogs (Lair:8)
  11 yaks
  Sigmund (D:4)
  9 fire bats (Volcano)
  2 vampire mosquitoes (Lair:8)
  5 hippogriffs
  A mottled dragon (Volcano)
  A water moccasin (Lair:8)
  An orc warrior (D:8)
  A porcupine (Lair:7)
  An ice beast (D:8)
  An eye of draining (D:8)
  An ogre (D:8)
  3 crocodiles
  5 elf zombies (Ossuary)
  10 giant frogs
  3 human zombies (Ossuary)
  2 crimson imps
  2 orc priests (D:8)
  4 centaur zombies (Ossuary)
  2 orc wizards (D:8)
  2 hounds (D:4)
  2 iguanas
  12 sheep
  4 mummies
  3 gnolls (D:5)
  3 adders
  13 river rats (Lair:1)
  An ooze (D:4)
  6 orcs
  A giant cockroach (D:3)
  3 jackals (D:4)
  A bat (D:3)
  2 giant geckos
  A quokka zombie (D:7)
  6 plants
140 creatures vanquished.

Vanquished Creatures (others)
  A fungus (Lair:8)
  A plant (Lair:8)
2 creatures vanquished.

Grand Total: 142 creatures vanquished

Notes
Turn   | Place    | Note
--------------------------------------------------------------
     0 | D:1      | 4thArraOfDagon the Centaur Berserker began the quest for the Orb.
     0 | D:1      | Reached XP level 1. HP: 19/19 MP: 1/1
    81 | D:3      | Reached XP level 2. HP: 16/26 MP: 2/2
   145 | D:4      | Reached XP level 3. HP: 30/31 MP: 3/3
   191 | D:4      | Got an ebony quarterstaff
   192 | D:4      | Identified the cursed +2 quarterstaff of Ynybuh {speed, rPois Dex+3} (You found it on level 4 of the Dungeon)
   306 | D:4      | Reached XP level 4. HP: 39/39 MP: 4/4
   342 | D:4      | Noticed Sigmund
   360 | D:4      | Killed Sigmund
   360 | D:4      | Reached skill level 4 in Fighting
   360 | D:4      | Reached XP level 5. HP: 17/46 MP: 5/5
   378 | D:4      | Found a glowing golden altar of the Shining One.
   412 | D:4      | Noticed a scorpion
   442 | D:5      | Entered Level 5 of the Dungeon
   499 | D:5      | Reached XP level 6. HP: 45/52 MP: 6/6
   568 | D:6      | Reached ** piety under Trog
   692 | D:6      | Found a sand-covered staircase.
   701 | Ossuary  | Entered an ossuary
   739 | Ossuary  | Reached XP level 7. HP: 10/59 MP: 7/7
   936 | Ossuary  | Reached skill level 5 in Staves
  1022 | Ossuary  | Reached XP level 8. HP: 66/66 MP: 8/8
  1096 | D:6      | Found a sacrificial altar of Ru.
  1231 | D:8      | Reached skill level 6 in Staves
  1362 | D:8      | Found a bloodstained altar of Trog.
  1393 | D:8      | Reached skill level 7 in Staves
  1558 | D:8      | Found a staircase to the Lair.
  1559 | D:8      | Noticed a komodo dragon
  1579 | D:8      | Killed a komodo dragon
  1579 | D:8      | Reached skill level 5 in Armour
  1613 | Lair:1   | Entered Level 1 of the Lair of Beasts
  1616 | Lair:1   | Reached skill level 8 in Staves
  1616 | Lair:1   | Reached XP level 9. HP: 71/71 MP: 9/9
  1622 | Lair:1   | Found a dark tunnel.
  1677 | Lair:1   | Reached skill level 9 in Staves
  1719 | Volcano  | Entered a volcano
  1771 | Volcano  | Reached skill level 10 in Staves
  1797 | Volcano  | Reached XP level 10. HP: 24/79 MP: 10/10
  1843 | Volcano  | Noticed a manticore
  1852 | Volcano  | Killed a manticore
  1854 | Volcano  | Noticed a fire drake
  1859 | Volcano  | Killed a fire drake
  1981 | Lair:2   | Noticed Nergalle
  2248 | Lair:3   | Reached skill level 11 in Staves
  2402 | Lair:3   | Noticed a death yak
  2407 | Lair:4   | Noticed a griffon
  2415 | Lair:4   | Killed a griffon
  2504 | Lair:6   | Reached *** piety under Trog
  2639 | Lair:7   | Reached skill level 12 in Staves
  2639 | Lair:7   | Reached XP level 11. HP: 84/84 MP: 11/11
  2650 | Lair:8   | Entered Level 8 of the Lair of Beasts
  2668 | Lair:8   | blink
  2668 | Lair:8   | HP: 1/84 [cloud of flame (7)]
  2668 | Lair:8   | Killed from afar by a fire drake

Vault maps used:
D:1:      lemuel_arrival_broad_hall
D:2:      ecumenical_altar_1
D:4:      tso_metal_star, serial_bayou_pond_a, item_on_display_b, uniq_sigmund,
          uniq_menkaure
D:5:      minmay_temple_entry_grid, first_bread
D:6:      overflow_temple_1_default, nicolae_overflow_hidden_temple,
          gup_ossuary_entry_pyramid, jiyva_altar_1
D:7:      nicolae_overflow_crystal_walls, uniq_joseph
D:8:      marbit_many_paths, kiku_gazebo_pond_becter, david_lair_shrubbed,
          the_bakery, uniq_pikel
D:9:      lemuel_insect_pit
Lair:1:   nicolae_volcano_entry_lava_flow
Lair:2:   portal_ice_cave_entry_ice_beasts, bh_autumn_forest_stairs,
          uniq_nergalle
Lair:3:   minmay_shoals_entry_lonely_mermaid
Lair:4:   st_stairs_9, patterned_corridor, infiniplex_staircase_pool_2,
          uniq_maud
Lair:5:   mu_elephants_graveyard, guppyfry_snake_entry_island, uniq_nessos
Lair:6:   grunt_megastairs_2
Lair:7:   minmay_slime_entry_oklob_open, grunt_forest_large_clearings
Lair:8:   minmay_lair_end_frog_pond, pond, uniq_rupert
Ossuary:  ossuary_minmay_four_chambers
Volcano:  volcano_pools

Action                   |  1- 3 |  4- 6 |  7- 9 | 10-12 || total
-------------------------+-------+-------+-------+-------++-------
Melee: Hand axe          |    23 |       |       |       ||    23
       Quarterstaff      |     3 |    70 |   191 |   172 ||   436
Invok: Berserk           |     3 |     4 |     9 |     6 ||    22
       Trog's Hand       |       |     1 |     3 |     6 ||    10
Evoke: Wand              |       |       |       |     3 ||     3
       Stone of tremors  |       |       |       |     1 ||     1
  Use: Potion            |     1 |     1 |     3 |     2 ||     7
       Scroll            |       |       |     1 |     3 ||     4
  Eat: Chunk             |       |     5 |     8 |    11 ||    24
       Fruit             |       |       |     2 |       ||     2
       Bread ration      |       |       |     1 |       ||     1
